 Seeded DCSS version 0.31-a0-145-g046c7d2549 (webtiles) character file.

Game seed: 13756538122855080540 (custom seed)

185057 Pimp the Devastator (level 17, -11/131 HPs)
             Began as a Demonspawn Fire Elementalist on June 3, 2023.
             Was a High Priest of Vehumet.
             Killed from afar by a deep elf annihilator (32 damage)
             ... with a poison arrow
             ... on level 3 of the Elven Halls on June 5, 2023.
             The game lasted 03:52:48 (33823 turns).

Pimp the Devastator (Demonspawn Fire Elementalist) Turns: 33823, Time: 03:52:49

Health: -11/131    AC: 24    Str: 11    XL:     17   Next: 40%
Magic:  7/33       EV: 17    Int: 36    God:    Vehumet [*****.]
Gold:   459        SH:  0    Dex: 16    Spells: 6/41 levels left

rFire   + + .        T - staff of conjuration "Ihuen" {Will- Int+7}
rCold   . . .        h - orb {guile}
rNeg    . . .        W - +2 robe {Archmagi}
rPois   .            Y - +2 hat {Int+3}
rElec   .            (cloak unavailable)
rCorr   .            o - +5 pair of gloves of Zuecokh {Rampage rF+ SInv}
SInv    +            N - +1 pair of boots
Will    .....        n - amulet of magic regeneration
Stlth   ++           D - +6 ring of intelligence
HPRegen 0.41/turn    q - ring of wizardry
MPRegen 0.63/turn

%: rampage, wizardry (x1), archmagi
@: lethally poisoned (-11 -> -47), sanguine armoured
A: powered by death 1, sanguine armour 2, demonic magic 2, weakness stinger 3,
hooves 1, fire resistance 1
}: 1/15 runes: abyssal
a: Renounce Religion


You were on level 3 of the Elven Halls.
You worshipped Vehumet.
Vehumet was extremely pleased with you.
You visited 5 branches of the dungeon, and saw 26 of its levels.
You visited the Abyss 3 times.
You also visited: Sewer, Bailey and Ice Cave.

You collected 3484 gold pieces.
You spent 3025 gold pieces at shops.

Inventory:

Hand Weapons
 d - the +7 long sword of the Lusting Eel {speed, *Corrode rElec Will+ Dex+2}
   (You bought it in a shop on level 2 of the Orcish Mines)

   Dex:       It affects your dexterity (+2).
   rElec:     It insulates you from electricity.
   *Corrode:  It may corrode you when you take damage.
   Will:      It increases your willpower.
Missiles
 w - 11 throwing nets
Armour
 g - a +0 cloak of preservation
 h - an orb of guile (worn)
 j - a +2 cloak
 o - the +5 pair of gloves of Zuecokh (worn) {Rampage rF+ SInv}
   (You acquired it on level 4 of the Dungeon)

   rF:        It protects you from fire.
   SInv:      It lets you see invisible.
   Rampage:   It bestows one free step when moving towards enemies.
 r - a +0 troll leather armour {Pargi}
 x - a +0 buckler of cold resistance
 y - the +3 robe of Clouds {*Thunder rCloud rElec}
   (You took it off a deep elf pyromancer on level 3 of the Elven Halls)

   *Thunder:  It occasionally creates storm clouds above nearby enemies.
   rCloud:    It grants its wearer immunity to clouds.
   rElec:     It insulates you from electricity.
 N - a +1 pair of boots (worn)
 W - a +2 robe of the Archmagi (worn)
 X - a +2 hat of see invisible
 Y - a +2 hat of intelligence (worn)
Magical Staves
 f - the staff of fire "Koptekog" {rElec rPois rF+ Will+ Str-4}
   (You acquired it on level 2 of the Dungeon)

   [staff of fire]

   Base accuracy: +5 Base damage: 5 Base attack delay: 1.2 This weapon's minimum
   attack delay (0.6) is reached at skill level 12.
   Str:       It affects your strength (-4).
   rF:        It protects you from fire.
   rElec:     It insulates you from electricity.
   rPois:     It protects you from poison.
   Will:      It increases your willpower.
   It falls into the 'Staves' category.
   It is a one-handed weapon.
 T - the staff of conjuration "Ihuen" (weapon) {Will- Int+7}
   (You bought it in a shop on level 9 of the Dungeon)

   [staff of conjuration]

   Base accuracy: +5 Base damage: 5 Base attack delay: 1.2 This weapon's minimum
   attack delay (0.6) is reached at skill level 12.
   Int:       It affects your intelligence (+7).
   Will:      It decreases your willpower.
   It falls into the 'Staves' category.
   It is a one-handed weapon.
Jewellery
 a - a ring of fire
 l - a +6 ring of dexterity
 n - an amulet of magic regeneration (around neck)
 q - a ring of wizardry (right hand)
 s - a ring of protection from fire
 D - a +6 ring of intelligence (left hand)
 F - an amulet of regeneration
 J - a ring of poison resistance
 O - a ring of resist corrosion
Wands
 b - a wand of flame (45)
 p - a wand of polymorph (13)
 z - a wand of iceblast (16)
 E - a wand of light (17)
 K - a wand of digging (19)
 M - a wand of charming (26)
 S - a wand of mindburst (10)
Scrolls
 i - 13 scrolls of identify
 k - 3 scrolls of vulnerability
 t - 3 scrolls of fear
 v - 3 scrolls of immolation
 B - 4 scrolls of enchant weapon
 G - a scroll of magic mapping
 H - 2 scrolls of fog
 I - 2 scrolls of poison
 L - a scroll of silence
 Q - 9 scrolls of teleportation
 U - a scroll of enchant armour
Potions
 c - a potion of curing
 e - 8 potions of enlightenment
 m - a potion of haste
 u - a potion of resistance
 C - 3 potions of heal wounds
 P - 5 potions of might
 R - 2 potions of berserk rage
 V - a potion of cancellation
 Z - 2 potions of invisibility


   Skills:
 + Level 11.5 Fighting
 - Level 9.5 Armour
 - Level 9.0 Dodging
 - Level 2.1 Stealth
 + Level 12.7 Spellcasting
 + Level 15.8 Conjurations
 - Level 5.4 Transmutations
 + Level 14.4 Fire Magic
 - Level 5.6 Earth Magic


You had 6 spell levels left.
You knew the following spells:

 Your Spells              Type           Power      Damage    Failure   Level
a - Foxfire               Conj/Fire      100%       2x1d9     0%          1
b - Scorch                Fire           100%       2d9       0%          2
c - Stone Arrow           Conj/Erth      100%       3d13      1%          3
d - Ignition              Fire           56%        3d15      3%          8
e - Statue Form           Tmut/Erth      50%        N/A       11%         6
f - Flame Wave            Conj/Fire      100%       2d21      1%          4
g - Passwall              Tmut/Erth      63%        N/A       1%          2
h - Tukima's Dance        Hex            34%        N/A       2%          3
i - Plasma Beam           Fire/Air       42%        2x1d56    1%          6

Your spell library contained the following spells:

 Spells                   Type           Power      Damage    Failure   Level
 Lehudib's Crystal Spear  Conj/Erth      61%        10d14     14%         8
 Maxwell's Capacitive Co  Air            17%        ∞         100%        8
 Polar Vortex             Ice            17%        N/A       100%        9
 Magic Dart               Conj           100%       1d8       0%          1
 Beastly Appendage        Tmut           100%       N/A       1%          1
 Freeze                   Ice            100%       1d10      1%          1
 Kiss of Death            Conj/Necr      100%       2d13      1%          1
 Sandblast                Erth           100%       2d20      1%          1
 Blink                    Tloc           68%        N/A       1%          2
 Call Imp                 Summ           68%        N/A       1%          2
 Ensorcelled Hibernation  Hex/Ice        68%        N/A       1%          2
 Lesser Beckoning         Tloc           68%        N/A       1%          2
 Momentum Strike          Conj/Tloc      100%       3d10      1%          2
 Sublimation of Blood     Necr           34%        N/A       1%          2
 Wereblood                Tmut           76%        N/A       1%          2
 Ignite Poison            Fire/Tmut/Pois 82%        N/A       1%          3
 Inner Flame              Hex/Fire       85%        N/A       1%          3
 Mephitic Cloud           Conj/Pois/Air  95%        N/A       1%          3
 Spider Form              Tmut/Pois      59%        N/A       1%          3
 Volatile Blastmotes      Fire/Tloc      100%       2d18      1%          3
 Petrify                  Tmut/Erth      76%        N/A       1%          4
 Sticky Flame             Conj/Fire      100%       2d11      1%          4
 Arcjolt                  Conj/Air       55%        1d65      1%          5
 Blade Hands              Tmut           38%        N/A       1%          5
 Irradiate                Conj/Tmut      61%        3d32      1%          5
 Yara's Violent Unravell  Hex/Tmut       29%        3d12      1%          5
 Confusing Touch          Hex            34%        N/A       2%          3
 Portal Projectile        Hex/Tloc       68%        N/A       2%          3
 Swiftness                Air            34%        N/A       2%          3
 Vhi's Electric Charge    Tloc/Air       68%        N/A       2%          3
 Dispel Undead            Necr           34%        3d15      7%          4
 Manifold Assault         Tloc           34%        N/A       7%          4
 Passage of Golubria      Tloc           34%        N/A       7%          4
 Metabolic Englaciation   Hex/Ice        17%        N/A       19%         5
 Fire Storm               Conj/Fire      69%        8d18      32%         9
 Storm Form               Tmut/Air       29%        N/A       86%         7
 Enfeeble                 Hex            17%        N/A       99%         7
 Summon Hydra             Summ           17%        N/A       99%         7
 Chain Lightning          Conj/Air       55%        3d73      99%         9
 Shatter                  Erth           38%        3d30*     100%        9


Dungeon Overview and Level Annotations

Branches:
Dungeon (15/15)            Temple (1/1) D:6            Lair (5/5) D:8
 Shoals (0/4) Lair:2       Spider (0/4) Lair:3        Slime (0/5) Lair:4
    Orc (2/2) D:9             Elf (3/3) Orc:2        Vaults (0/5) D:14
 Depths (0/4) D:15          Sewer (visited)          Bailey (visited)
  IceCv (visited)

Altars:
Ashenzari
Cheibriados
Dithmenos
Fedhas
Gozag
Hepliaklqana
Kikubaaqudgha
Makhleb
Nemelex Xobeh
Okawaru
Qazlal
Ru
Sif Muna
Trog
Uskayaw
Vehumet
Wu Jian
Xom
Yredelemnul

Shops:
D:9 *   D:13 ::=:*   Orc:2 :(((?(   Elf:1 **   Elf:3 !

Portals:
Hell: Lair:5

Annotations:
D:9 2 transporters, mandoloar's ghost, journeyman GnIE
D:15 Roxanne
Elf:1 3 runed translucent doors, exclusion: obsidian statue, Pooter's ghost, adept MiBe
Elf:2 3 runed translucent doors


Innate Abilities, Weirdness & Mutations

You regenerate a little health from kills.
When seriously injured, your blood forms thick armour. (AC +9)
Spells you cast may paralyse nearby enemies.
You have a sharp stinger which inflicts weakening toxins.
You have large cloven feet.
Your flesh is heat resistant. (rF+)


Message History

The deep elf archer wields a +0 shortbow.
The deep elf archer shoots an arrow.
The arrow hits you!
You see here a +0 rapier.
Casting: Plasma Beam (dangerous; 1% risk of failure)
Confirm with . or Enter, or press ? or * to list all spells.
Casting: Plasma Beam (dangerous; 1% risk of failure)
Press: ? - help, Dir - look around, f - activate You feel a surge of power!
The bolt of lightning hits the deep elf annihilator!
The deep elf annihilator is lightly wounded.
The bolt of lightning misses the deep elf archer.
The fiery plasma hits the deep elf annihilator!!!
The deep elf annihilator is almost dead.
The fiery plasma hits the deep elf archer!!
The deep elf archer is heavily wounded.
Malevolent energies surge around you.
You hear a shout!
Casting: Plasma Beam (dangerous; 1% risk of failure)
Confirm with . or Enter, or press ? or * to list all spells.
You don't have enough magic to cast this spell.
Unknown command.
The deep elf annihilator casts a spell at you.
The poison arrow hits you!!
You are poisoned.
You feel very sick.
You feel better.
The deep elf archer shoots an arrow.
The arrow barely misses you.
The deep elf annihilator casts a spell at you.
The poison arrow hits you!!
You are poisoned.
* * * LOW HITPOINT WARNING * * *
As you read the scroll of fog, it crumbles to dust.
The scroll dissolves into smoke.
You feel very sick.
The deep elf archer shoots an arrow.
The arrow misses you.
A deep elf elementalist comes into view.
It is wielding a +0 rapier.
The deep elf annihilator points at you and mumbles some strange words.
The poison arrow hits you!!
You are lethally poisoned!
You die...

#.##)............###.###
#.##.[.....##....# ### #
#[##...[.#####...# #
#.###.[....# #...# #
#.##..)).).# #.#.# #
####...)...# ##### #
#..#)#..# ####§####
##§§@§.## ###..§§§§.###
#...)...()..#
#....[......#
#....[).....#
#....!))..).#
#.....e.....#
#....ee(....#
###.......###


You could see a deep elf annihilator, a deep elf elementalist (repels missiles)
and a deep elf archer (repels missiles).

Vanquished Creatures
  Nikola (Elf:1)
  A deep elf blademaster (Elf:2)
  A deep elf master archer (Elf:3)
  A tentacled starspawn (Abyss:3)
  Gastronok (Lair:1)
  5 deep elf sorcerers
  An orc warlord (Orc:2)
  8 deep elf elementalists
  A very ugly thing (Abyss:3)
  4 deep elf demonologists (Elf:3)
  2 dire elephants (Lair:5)
  7 deep elf annihilators
  2 blizzard demons (Abyss:3)
  2 deep elf death magi (Elf:3)
  A merfolk impaler (Abyss:3)
  Fannar (D:10)
  2 deep elf high priests (Elf:3)
  2 ogre magi
  8 hydras
  Erolcha (Orc:2)
  8 vault guards (D:14)
  A death knight (D:15)
  4 centaur warriors
  A hell beast (Lair:5)
  2 catoblepae
  6 two-headed ogres
  Urug (Lair:2)
  An orc high priest (Elf:1)
  14 deep elf knights
  Nergalle (Lair:2)
  A skeletal warrior (D:15)
  15 deep elf archers
  Pikel (D:7)
  3 wizards
  2 wolf spider zombies (D:15)
  2 orc knights
  22 deep elf zephyrmancers
  26 deep elf pyromancers
  A necromancer (D:15)
  4 manticores
  3 ugly things
  11 orc sorcerers
  3 cyclopes
  Joseph (D:7)
  14 elephants
  2 naga magi (D:15)
  9 centaur zombies (D:15)
  4 black mambas
  3 smoke demons
  A water nymph (Lair:2)
  2 orange demons (Lair:5)
  3 ice statues (IceCv)
  12 cane toads
  2 gargoyles
  A torpor snail (Lair:3)
  3 centaur skeletons (D:15)
  An unseen horror (D:13)
  3 rime drakes
  2 efreet (D:15)
  10 komodo dragons
  A red devil (Lair:5)
  A redback zombie (D:15)
  2 ice devils (Lair:5)
  3 meliai (D:15)
  A wolf spider simulacrum (D:15)
  A tyrant leech (shapeshifter) (D:15)
  2 hornets (D:7)
  3 meliai zombies (D:15)
  8 trolls
  3 polar bears
  Prince Ribbit (D:5)
  A tarantella (Lair:2)
  5 dream sheep (Lair:5)
  15 blink frogs
  4 raiju (Abyss:3)
  Sigmund (D:3)
  11 slime creatures
  2 shadows
  3 air elementals (Elf:1)
  8 wyverns
  54 yaks
  4 wraiths
  6 basilisks
  3 water elementals
  5 vampire mosquitoes
  3 fire elementals
  11 dancing weapons
  3 harpy simulacra (IceCv)
  4 wargs
  2 acid dragons
  A hydra simulacrum (IceCv)
  21 water moccasins
  5 hell hounds (Lair:5)
  3 sky beasts
  26 orc warriors
  A swamp drake (D:8)
  A swamp drake (shapeshifter) (Elf:1)
  Pargi (Sewer)
  10 ogres
  A sky beast (shapeshifter) (Elf:1)
  2 ice beasts
  A boggart (Elf:1)
  2 black bears
  12 centaurs
  10 wolves
  2 lemures
  A small abomination (Abyss:3)
  3 kobold brigands
  Blork the orc (D:6)
  10 bullfrogs
  2 earth elementals
  9 gnoll sergeants
  A cane toad simulacrum (IceCv)
  2 scorpions (D:5)
  A wight (D:7)
  4 killer bees (D:9)
  7 howler monkeys
  9 electric eels
  A crimson imp (D:9)
  4 hounds
  A quasit (D:6)
  5 jellies
  21 orc priests
  7 gnoll boudas
  4 iron imps
  2 sleepcaps
  5 iguanas
  Ijyb (D:3)
  47 orc wizards
  A boggart zombie (D:15)
  3 polar bear simulacra (IceCv)
  2 wolf simulacra (IceCv)
  10 adders
  29 gnolls
  A river rat (D:3)
  5 shadow imps
  20 white imps
  6 ufetubi (D:6)
  3 dart slugs
  98 orcs
  10 ball pythons
  5 bats
  5 endoplasms
  6 giant cockroaches
  14 goblins
  6 hobgoblins
  4 jackals (D:2)
  2 quokkas (D:5)
  8 frilled lizards
  13 kobolds
  8 rats
  A butterfly (Lair:1)
  A starspawn tentacle (Abyss:3)
937 creatures vanquished.

Vanquished Creatures (collateral kills)
  A deep elf sorcerer (Elf:3)
  2 centaur warriors (D:14)
  A deep elf archer (Elf:1)
  A vampire (D:10)
  3 yaks (D:10)
  2 vampire mosquitoes (D:10)
  A centaur (D:10)
  A boggart zombie (D:15)
  A boggart simulacrum (D:15)
  An orc (D:9)
  A kobold (D:10)
  2 foxfires (D:6)
17 creatures vanquished.

Vanquished Creatures (others)
  A deep elf pyromancer (Elf:1)
  45 dancing weapons
  A swamp drake (Orc:1)
  An orc wizard (Orc:2)
  2 orcs (Orc:1)
  1011 foxfires
  A starspawn tentacle (Abyss:3)
1062 creatures vanquished.

Grand Total: 2016 creatures vanquished

Notes
Turn   | Place    | Note
-------+----------+-------------------------------------------
     0 | D:1      | Pimp the Demonspawn Fire Elementalist began the quest for
                  | the Orb.
     0 | D:1      | Reached XP level 1. HP: 13/13 MP: 3/3
   279 | D:1      | Gained mutation: You have a small tail. [demonic ancestry]
   279 | D:1      | Reached XP level 2. HP: 13/19 MP: 0/5
  1531 | D:2      | Reached XP level 3. HP: 24/24 MP: 4/6
  1553 | D:2      | Identified a scroll of acquirement
  1553 | D:2      | Acquired the staff of fire "Koptekog" {rElec rPois rF+
                  | Will+ Str-4}
  1605 | D:2      | Found a burning altar of Makhleb.
  1611 | D:2      | Learned a level 2 spell: Scorch
  1650 | D:2      | Found a faded altar of an unknown god.
  2050 | D:2      | Gained mutation: You have a tail ending in a sharp stinger.
                  | [demonic ancestry]
  2050 | D:2      | Reached XP level 4. HP: 31/31 MP: 2/7
  2302 | D:3      | Found a shimmering altar of Xom.
  2322 | D:3      | Noticed Ijyb
  2332 | D:3      | Killed Ijyb
  2333 | D:3      | Reached skill level 1 in Fighting
  2333 | D:3      | Reached skill level 2 in Conjurations
  2517 | D:3      | Found a glowing drain.
  2528 | D:3      | Reached skill level 1 in Armour
  2536 | Sewer    | Entered a sewer
  2598 | Sewer    | Noticed Pargi
  2604 | Sewer    | Killed Pargi
  2605 | Sewer    | Reached XP level 5. HP: 38/38 MP: 2/9
  2822 | D:3      | Noticed Sigmund
  2830 | D:3      | Killed Sigmund
  2831 | D:3      | Reached XP level 6. HP: 44/44 MP: 5/10
  3236 | D:4      | Acquired the +5 pair of gloves of Zuecokh {Rampage rF+
                  | SInv}
  3389 | D:4      | Reached skill level 3 in Conjurations
  3533 | D:4      | Gained mutation: Spells you cast may paralyse adjacent
                  | enemies. [demonic ancestry]
  3533 | D:4      | Reached XP level 7. HP: 51/51 MP: 11/11
  3602 | D:4      | Found an ornate altar of the Wu Jian Council.
  3791 | D:4      | Learned a level 3 spell: Stone Arrow
  3795 | D:4      | Learned a level 3 spell: Inner Flame
  4183 | D:4      | Found a blossoming altar of Fedhas.
  4340 | D:5      | Entered Level 5 of the Dungeon
  4456 | D:5      | Reached skill level 1 in Earth Magic
  4512 | D:5      | Gained mutation: When seriously injured, your blood forms
                  | armour. (AC +9) [demonic ancestry]
  4512 | D:5      | Reached XP level 8. HP: 38/58 MP: 11/13
  5216 | D:5      | Noticed Prince Ribbit
  5220 | D:5      | Killed Prince Ribbit
  5221 | D:5      | Reached skill level 4 in Conjurations
  5611 | D:6      | Found a staircase to the Ecumenical Temple.
  5629 | Temple   | Entered the Ecumenical Temple
  5726 | Temple   | Became a worshipper of Vehumet
  5953 | D:6      | Noticed Blork the orc
  5963 | D:6      | Killed Blork the orc
  6165 | D:6      | Reached * piety under Vehumet
  6165 | D:6      | Offered knowledge of Freeze by Vehumet.
  6168 | D:6      | Learned a level 1 spell: Freeze
  6315 | D:7      | Noticed Pikel
  6378 | D:7      | Killed Pikel
  6379 | D:7      | Reached skill level 5 in Fire Magic
  6379 | D:7      | Reached XP level 9. HP: 63/66 MP: 9/16
  6435 | D:7      | Noticed Joseph
  6438 | D:7      | Reached skill level 5 in Conjurations
  6455 | D:7      | Reached skill level 5 in Fighting
  6455 | D:7      | Reached skill level 5 in Dodging
  6455 | D:7      | Reached skill level 5 in Spellcasting
  6586 | D:7      | Killed Joseph
  6909 | D:7      | Found a burning altar of Makhleb.
  6978 | D:7      | Noticed a white ugly thing
  7046 | D:7      | Learned a level 4 spell: Flame Wave
  7239 | D:7      | Reached ** piety under Vehumet
  7239 | D:7      | Offered knowledge of Kiss of Death by Vehumet.
  7240 | D:7      | Reached XP level 10. HP: 74/74 MP: 15/18
  7257 | D:8      | Found an ancient bone altar of Kikubaaqudgha.
  7311 | D:7      | Reached skill level 5 in Armour
  7332 | D:7      | Killed a white ugly thing
  7874 | D:8      | Reached skill level 6 in Conjurations
  7970 | D:8      | Offered knowledge of Frozen Ramparts by Vehumet.
  8047 | D:8      | Found a staircase to the Lair.
  8347 | D:9      | Noticed a manticore
  8359 | D:9      | Killed a manticore
  8412 | D:9      | Reached *** piety under Vehumet
  8442 | D:9      | Gained mutation: When seriously injured, your blood forms
                  | thick armour. (AC +9) [demonic ancestry]
  8442 | D:9      | Reached XP level 11. HP: 76/83 MP: 10/20
  8450 | D:9      | Reached skill level 5 in Earth Magic
  8477 | D:9      | Offered knowledge of Sticky Flame by Vehumet.
  8518 | D:9      | Found a staircase to the Orcish Mines.
  8574 | D:9      | Noticed a two-headed ogre
  8580 | D:9      | Killed a two-headed ogre
  8592 | D:9      | Found a flagged portal.
  8602 | Bailey   | Entered a bailey
  8626 | Bailey   | Learned a level 2 spell: Passwall
  8630 | Bailey   | Learned a level 3 spell: Tukima's Dance
  8686 | Bailey   | Reached **** piety under Vehumet
  8734 | Bailey   | Offered knowledge of Airstrike by Vehumet.
  9177 | D:9      | Reached skill level 7 in Conjurations
  9278 | D:9      | Found a transporter.
  9282 | D:9      | Noticed a two-headed ogre
  9282 | D:9      | Noticed mandoloar's ghost (journeyman GnIE)
  9282 | D:9      | Noticed a two-headed ogre
  9282 | D:9      | Noticed a two-headed ogre
  9282 | D:9      | Noticed a two-headed ogre
  9330 | D:9      | Found a transporter.
  9332 | D:9      | Identified the +0 dire flail of Royalism {freeze, Int+2}
  9332 | D:9      | Noticed a two-headed ogre
  9463 | D:9      | Found Udabul's Demolitions Depot.
 10179 | D:9      | Bought the staff of conjuration "Ihuen" {Will- Int+7} for
                  | 300 gold pieces
 10227 | D:10     | Entered Level 10 of the Dungeon
 10458 | D:10     | Reached ***** piety under Vehumet
 10458 | D:10     | Offered knowledge of Ozocubu's Refrigeration by Vehumet.
 10576 | D:10     | Noticed Fannar
 10584 | D:10     | Killed Fannar
 10797 | D:10     | Reached XP level 12. HP: 91/91 MP: 15/22
 10885 | Orc:1    | Entered Level 1 of the Orcish Mines
 10941 | Orc:1    | Upgraded the game from 0.31-a0-142-g31f6795574 to
                  | 0.31-a0-145-g046c7d2549
 11064 | Orc:1    | Reached skill level 8 in Conjurations
 11767 | Orc:2    | Entered Level 2 of the Orcish Mines
 11815 | Orc:2    | Offered knowledge of Starburst by Vehumet.
 11938 | Orc:2    | Found Bytrudul's Weapon Shoppe.
 12116 | Orc:2    | Found a staircase to the Elven Halls.
 12203 | Orc:2    | Found Hoeleig's Antique Weapon Shop.
 12224 | Orc:2    | Noticed an orc warlord
 12450 | Orc:1    | Learned a level 6 spell: Plasma Beam
 12460 | Orc:2    | Killed an orc warlord
 12537 | Orc:2    | Reached skill level 9 in Conjurations
 12725 | Orc:2    | Paralysed by an orc sorcerer for 2 turns
 12886 | Orc:2    | Paralysed by an orc sorcerer for 5 turns
 13007 | Orc:2    | Paralysed by an orc sorcerer for 3 turns
 13048 | Orc:2    | Noticed Erolcha
 13054 | Orc:2    | Killed Erolcha
 13077 | Orc:2    | Found Tejaaso's Magic Scroll Boutique.
 13084 | Orc:2    | Bought a scroll of teleportation for 39 gold pieces
 13084 | Orc:2    | Bought a scroll of immolation for 52 gold pieces
 13084 | Orc:2    | Bought a scroll of blinking for 97 gold pieces
 13084 | Orc:2    | Bought a scroll of teleportation for 39 gold pieces
 13084 | Orc:2    | Bought a scroll of teleportation for 39 gold pieces
 13091 | Orc:2    | Noticed an ogre mage
 13101 | Orc:2    | Killed an ogre mage
 13198 | Orc:2    | Found an ancient bone altar of Kikubaaqudgha.
 13203 | Orc:2    | Found Ekuofoc's Antique Weapon Shop.
 13217 | Orc:2    | Paralysed by an orc sorcerer for 3 turns
 13218 | Orc:2    | Reached XP level 13. HP: 61/98 MP: 15/24
 13275 | Orc:2    | Found a radiant altar of Vehumet.
 13295 | Orc:2    | Found Segeaf's Antique Weapon Boutique.
 13302 | Orc:2    | Found Ygru's Book Boutique.
 13392 | Orc:2    | Bought a crude long sword for 229 gold pieces
 13392 | Orc:2    | Identified the +7 long sword of the Lusting Eel {speed,
                  | *Corrode rElec Will+ Dex+2} (You bought it in a shop on
                  | level 2 of the Orcish Mines)
 13567 | Lair:1   | Entered Level 1 of the Lair of Beasts
 13680 | Lair:1   | Noticed Gastronok
 13689 | Lair:1   | Killed Gastronok
 13785 | Lair:1   | Found a frozen archway.
 13790 | Lair:1   | Offered knowledge of Iskenderun's Battlesphere by Vehumet.
 13816 | IceCv    | Entered an ice cave
 14442 | IceCv    | Reached skill level 10 in Conjurations
 15748 | Lair:2   | Noticed Urug
 15860 | Lair:2   | Killed Urug
 16288 | Lair:2   | Reached skill level 10 in Fire Magic
 16461 | Lair:2   | Identified the +1 leather armour "Situimior" {Will++}
 16791 | Lair:2   | Noticed Nergalle
 16796 | Lair:2   | Killed Nergalle
 16983 | Lair:2   | Offered knowledge of Leda's Unmaking by Vehumet.
 17038 | Lair:2   | Found a staircase to the Shoals.
 17674 | Lair:3   | Found a hole to the Spider Nest.
 17695 | Lair:2   | Reached skill level 11 in Conjurations
 17926 | Lair:3   | Gained mutation: Spells you cast may paralyse nearby
                  | enemies. [demonic ancestry]
 17926 | Lair:3   | Reached XP level 14. HP: 100/108 MP: 9/26
 18884 | Lair:4   | Found a staircase to the Slime Pits.
 19692 | Lair:5   | Entered Level 5 of the Lair of Beasts
 19719 | Lair:4   | Learned a level 8 spell: Ignition
 20020 | Lair:5   | Reached skill level 12 in Conjurations
 20131 | Lair:5   | Offered knowledge of Fireball by Vehumet.
 21060 | Abyss:3  | Cast into level 3 of the Abyss (a wizard)
 21079 | Lair:5   | Escaped the Abyss
 21268 | Lair:5   | Found a burning altar of Makhleb.
 21747 | Lair:5   | Found a gateway to Hell.
 23518 | D:12     | Offered knowledge of Freezing Cloud by Vehumet.
 24049 | D:13     | Found Reul's Jewellery Shop.
 24056 | D:13     | Gained mutation: You regenerate a little health from kills.
                  | [demonic ancestry]
 24056 | D:13     | Reached XP level 15. HP: 115/115 MP: 24/28
 24141 | D:13     | Found Sealusm's Book Shop.
 24147 | D:13     | Bought a book of Sloth for 540 gold pieces
 24164 | D:13     | Found Kekaicig's Book Emporium.
 24189 | D:13     | Bought a book of Annihilations for 780 gold pieces
 24224 | D:13     | You fall into a shaft and drop 2 floors!
 24224 | D:15     | Entered Level 15 of the Dungeon
 24479 | D:14     | Found a gate to the Vaults.
 24486 | D:14     | Reached skill level 13 in Conjurations
 24494 | D:14     | Reached skill level 10 in Spellcasting
 25502 | D:13     | Found Gelaz's Book Shoppe.
 25570 | D:13     | Gained mutation: You expend magic power (3 MP) to
                  | strengthen your wands. [potion of mutation]
 25570 | D:13     | Gained mutation: You are dopey. (Int -2) [potion of
                  | mutation]
 25571 | D:13     | Lost mutation: You expend magic power (3 MP) to strengthen
                  | your wands. [potion of mutation]
 25571 | D:13     | Lost mutation: You are dopey. (Int -2) [potion of mutation]
 25571 | D:13     | Gained mutation: You have large cloven feet. [potion of
                  | mutation]
 25571 | D:13     | Gained mutation: Your flesh is heat resistant. (rF+)
                  | [potion of mutation]
 25676 | D:13     | Found Turghet's General Store.
 25687 | D:13     | Bought a potion of magic for 112 gold pieces
 26194 | D:15     | Found a basalt altar of Yredelemnul.
 26694 | D:15     | Reached skill level 14 in Conjurations
 26709 | D:15     | Found a staircase to the Depths.
 26742 | D:15     | Noticed Roxanne
 27873 | Elf:1    | Entered Level 1 of the Elven Halls
 27885 | Elf:1    | Offered knowledge of Lehudib's Crystal Spear by Vehumet.
 27962 | Elf:1    | Found a radiant altar of Vehumet.
 28201 | Elf:1    | Noticed a deep elf sorcerer
 28218 | Elf:1    | Killed a deep elf sorcerer
 28219 | Elf:1    | Reached XP level 16. HP: 121/121 MP: 14/30
 28274 | Elf:1    | Learned a level 6 spell: Statue Form
 28309 | Elf:1    | Reached skill level 1 in Transmutations
 28501 | Elf:1    | Found a runed translucent gate.
 28501 | Elf:1    | Found a runed translucent gate.
 28502 | Elf:1    | Found a runed translucent gate.
 28502 | Elf:1    | Found an opulent altar of Gozag.
 28506 | Elf:1    | Noticed Pooter's ghost (adept MiBe)
 28544 | Elf:1    | Found Yrubil's Assorted Antiques.
 28544 | Elf:1    | Found Magip's Assorted Antiques.
 28556 | Elf:1    | Noticed Nikola
 28600 | Elf:1    | Killed Nikola
 29161 | Elf:1    | Reached skill level 5 in Transmutations
 30261 | Elf:1    | Reached skill level 10 in Fighting
 30302 | Elf:2    | Paralysed by an air elemental for 1 turns
 30306 | Elf:1    | Paralysed by an air elemental for 1 turns
 30640 | Elf:2    | Found a runed translucent gate.
 30640 | Elf:2    | Found a runed translucent gate.
 30640 | Elf:2    | Found a runed translucent gate.
 30699 | Elf:2    | Reached skill level 15 in Conjurations
 31025 | Elf:3    | Entered Level 3 of the Elven Halls
 31307 | Elf:3    | Found Tah Siestri's Distillery.
 31316 | Elf:3    | Bought a potion of heal wounds for 70 gold pieces
 31316 | Elf:3    | Bought 2 potions of invisibility for 224 gold pieces
 31316 | Elf:3    | Bought a potion of enlightenment for 70 gold pieces
 31316 | Elf:3    | Bought a potion of enlightenment for 70 gold pieces
 31316 | Elf:3    | Bought a potion of heal wounds for 70 gold pieces
 31316 | Elf:3    | Bought 2 potions of magic for 224 gold pieces
 31316 | Elf:3    | Bought a potion of heal wounds for 70 gold pieces
 31544 | Abyss:3  | Cast into level 3 of the Abyss (a deep elf demonologist)
 31619 | Elf:3    | Escaped the Abyss
 31733 | Elf:3    | Reached ****** piety under Vehumet
 31733 | Elf:3    | Offered knowledge of Lehudib's Crystal Spear by Vehumet.
 31733 | Elf:3    | Offered knowledge of Polar Vortex by Vehumet.
 31733 | Elf:3    | Offered knowledge of Maxwell's Capacitive Coupling by
                  | Vehumet.
 31786 | Elf:3    | Noticed a deep elf blademaster
 31789 | Elf:3    | Noticed a deep elf master archer
 31817 | Elf:2    | Killed a deep elf blademaster
 32462 | Elf:3    | Killed a deep elf master archer
 32463 | Elf:3    | Gained mutation: You have a sharp stinger which inflicts
                  | weakening toxins. [demonic ancestry]
 32463 | Elf:3    | Reached XP level 17. HP: 129/130 MP: 22/33
 32775 | Abyss:3  | Cast into level 3 of the Abyss (a deep elf sorcerer)
 32783 | Abyss:3  | Got an abyssal rune of Zot
 32881 | Elf:3    | Escaped the Abyss
 33195 | Elf:3    | Noticed a deep elf blademaster
 33823 | Elf:3    | Killed from afar by a deep elf annihilator

Illustrated notes

Levels and vault maps discovered:
D:1:      scummos_arrival_star, layout_basic
D:2:      layout_basic, basic_altar, basic_ecumenical_altar, grunt_decor_cap
D:3:      layout_basic, mainiacjoe_overflow_alcove_1, portal_sewer_entry_b,
          minmay_close_crescents, uniq_ijyb, uniq_sigmund
D:4:      layout_loops_corners, mainiacjoe_overflow_paths,
          nicolae_wu_jian_glorious_leap, kennysheep_flooded_box,
          guppyfry_early_lair_pool
D:5:      layout_layer_cave, nicolae_eternal_life, uniq_prince_ribbit1
D:6:      layout_cave_pools, minmay_temple_entry_water_ring, serial_demonic,
          serial_demonic_e, serial_demonic_g, serial_demonic_g,
          serial_demonic_d, serial_demonic_d, serial_demonic_f,
          serial_demonic_a, serial_demonic_a, minmay_lizard_king,
          uniq_blork_the_orc
D:7:      hangedman_cross_stitches, layout_rooms, demons_altar, minivault_27,
          uniq_joseph, uniq_pikel
D:8:      layout_basic, mainiacjoe_overflow_small_starburst, erik_lair_dragon
D:9:      layout_basic, david_orc_5, enter_bailey_5, gammafunk_ghost_smash,
          wad_woods_river_04, grunt_ministairs_13,
          chequers_serial_rivers_room_a, minmay_misc_feat_four_crosses,
          nicolae_blasting_shop
D:10:     layout_rooms, hangedman_decor_diamond_cutter, uniq_fannar
D:11:     layout_roguey
D:12:     layout_irregular_city, chequers_big_river
D:13:     layout_loops_ring, serial_shops, shop, nicolae_shop_stone,
          nicolae_shop_trees, nicolae_shop_window_shopping,
          nicolae_shop_statue_plus, wad_dig_loot
D:14:     layout_loops_corners, erik_vaults_2, minmay_curled_crystal
D:15:     grunt_enter_depths_magical_seal, layout_loops_ring,
          hangedman_decor_lopped, nicolae_yredelemnul_corpse_copse, uniq_roxanne
Temple:   minmay_temple_bridge_d
Lair:1:   layout_loops_ring, serial_bayou, serial_bayou_shore_b,
          serial_bayou_pond_a, serial_bayou_pond_d, serial_bayou_lagoon_b,
          portal_ice_cave_entry_imps, nicolae_lair_grazing_beasts
          [nicolae_sub_lair_graze_edge, nicolae_sub_lair_graze_edge,
          nicolae_sub_lair_graze_edge, nicolae_sub_lair_graze_edge],
          lemuel_fruit_fields, infiniplex_staircase_pool_2, uniq_gastronok
Lair:2:   layout_small_grid, nicolae_shoals_entry_flooding, grunt_megastairs_1,
          uniq_urug, uniq_nergalle
Lair:3:   layout_gridlike, spider_nest_entry_rubble, st_stairs_12,
          grunt_megastairs_3, infiniplex_staircase_pool
Lair:4:   layout_regular_city, slime_entry_1
Lair:5:   evil_forest, layout_gridlike, grunt_megastairs_5
Orc:1:    layout_caves, hangedman_minor_magic
Orc:2:    kennysheep_orc_mage_school, layout_caves, serial_shops,
          nicolae_shop_back_alley_shop, shop
Elf:1:    eino_elf_arrival_altar, layout_loops_corners, ebering_ghost_gozag,
          hangedman_elf_disciples, uniq_nikola
Elf:2:    elven_hall_of_blades_hangedman_original
          [nicolae_blade_entry_hurt_lockers], layout_rooms
Elf:3:    minmay_elf_hall_hex, layout_rooms, serial_shops,
          nicolae_shop_getting_attention

Skill      XL: |  1  2  3  4  5  6  7  8  9 10 11 12 13 14 15 16 17 |
---------------+----------------------------------------------------+-----
Stealth        | 2 |  2.1
Dodging        | 2 3 4 5 6 7 8 9 |  9.0
Fire Magic     | 3 4 5 6 7 9 10 12 13 14 | 14.4
Fighting       | 1 2 3 4 5 6 7 8 9 10 11 | 11.5
Conjurations   | 2 3 4 5 6 7 9 11 12 14 15 | 15.8
Armour         | 1 2 4 5 6 7 8 9 |  9.5
Spellcasting   | 3 4 5 6 7 8 9 10 12 | 12.7
Earth Magic    | 1 3 4 5 |  5.6
Transmutations | 5 |  5.4

Action                     |  1- 3 |  4- 6 |  7- 9 | 10-12 | 13-15 | 16-18 || total
---------------------------+-------+-------+-------+-------+-------+-------++-------
  Melee: Unarmed           |    22 |       |       |       |       |       ||    22
         Club              |     8 |       |       |       |       |       ||     8
         Tailslap          |     3 |     1 |    19 |    18 |    68 |    13 ||   122
         Dagger            |     8 |       |       |       |       |       ||     8
         Staff             |     1 |    16 |    80 |    86 |   247 |    49 ||   479
         Punch             |       |       |     3 |     1 |       |       ||     4
         Kick              |       |       |       |       |       |     5 ||     5
   Cast: Foxfire           |    81 |    67 |   239 |   193 |    44 |     2 ||   626
         Scorch            |       |    21 |    69 |   276 |   253 |    62 ||   681
         Stone Arrow       |       |       |     9 |    26 |    64 |    56 ||   155
         Inner Flame       |       |       |       |    28 |       |       ||    28
         Flame Wave        |       |       |       |    35 |    21 |     2 ||    58
         Tukima's Dance    |       |       |       |    40 |    25 |    73 ||   138
         Plasma Beam       |       |       |       |    20 |   221 |   125 ||   366
         Ignition          |       |       |       |       |     7 |    30 ||    37
         Statue Form       |       |       |       |       |       |    18 ||    18
         Passwall          |       |       |       |       |       |     3 ||     3
  Evoke: Wand              |       |       |       |       |       |     1 ||     1
    Use: Scroll            |     1 |     1 |     9 |    10 |    14 |     6 ||    41
         Potion            |       |     1 |     2 |     8 |     5 |     8 ||    24
   Stab: Sleeping          |     1 |       |     1 |       |     1 |       ||     3
         Paralysed         |       |       |    38 |    46 |   113 |    34 ||   231
 Armour: Robe              |    13 |       |       |       |   164 |    53 ||   230
         Leather armour    |       |     3 |       |       |       |       ||     3
         Troll leather arm |       |    23 |    48 |   128 |     1 |       ||   200
         Skin              |       |       |       |       |     4 |   103 ||   107
  Dodge: Dodged            |    41 |    28 |    67 |   227 |   328 |   184 ||   875
  Block: Buckler           |       |       |       |       |    10 |       ||    10

Table legend: (Time is in decaauts)
 A = Elapsed time spent in this place.
 B = Non-inter-level travel time spent in this place.
 C = Inter-level travel time spent in this place.
 D = Time resting spent in this place.
 E = Time spent auto-exploring this place.
 F = Levels seen in this place.
 G = Mean time per level.
                   A        B        C        D        E       F      G
               +--------+--------+--------+--------+--------+-----+--------+
         Total |  34609 |  31728 |   2881 |   7815 |  15413 |  32 | 1081.5 |
       Dungeon |  15959 |  14349 |   1610 |   1545 |   9533 |  15 | 1063.9 |
        Temple |    172 |     74 |     98 |      0 |     64 |   1 |  172.0 |
          Lair |   8097 |   7333 |    764 |   2102 |   3388 |   5 | 1619.4 |
  Orcish Mines |   2415 |   2267 |    148 |    519 |    823 |   2 | 1207.5 |
   Elven Halls |   6316 |   6055 |    261 |   2974 |   1315 |   3 | 2105.3 |
         Abyss |    245 |    245 |      0 |    153 |      0 |   3 |   81.7 |
         Sewer |    121 |    121 |      0 |      0 |     67 |   1 |  121.0 |
        Bailey |    518 |    518 |      0 |     40 |    204 |   1 |  518.0 |
      Ice Cave |    762 |    762 |      0 |    482 |     18 |   1 |  762.0 |
               +--------+--------+--------+--------+--------+-----+--------+

Top non-repeatable levels by time:
   Elf:1: 2584 daAuts
   Elf:2: 2582 daAuts
  Lair:5: 2200 daAuts
    D:15: 1972 daAuts
  Lair:2: 1742 daAuts
  Lair:1: 1684 daAuts
     D:9: 1642 daAuts
     D:1: 1384 daAuts
  Lair:4: 1328 daAuts
   Orc:2: 1298 daAuts
     D:8: 1293 daAuts
     D:5: 1248 daAuts
   Elf:3: 1149 daAuts
  Lair:3: 1142 daAuts
   Orc:1: 1116 daAuts
